 Dungeon Crawl Stone Soup version 0.26.1-11-gd32895ea62 (webtiles) character file.

Game seed: 1056344366323608019

105 ubername the Digger (level 4, 0/33 HPs)
             Began as a Demigod Earth Elementalist on June 23, 2021.
             Succumbed to an adder's poison
             ... on level 5 of the Dungeon.
             The game lasted 00:06:18 (2100 turns).

ubername the Digger (Demigod Earth Elementalist)    Turns: 2100, Time: 00:06:19

Health: 0/33       AC:  3    Str: 11    XL:     4   Next: 29%
Magic:  16/20      EV: 13    Int: 21    God:
Gold:   81         SH:  0    Dex: 16    Spells: 4/8 levels left

rFire    . . .     SeeInvis .   d - +1 dagger
rCold    . . .     Faith    .   (no shield)
rNeg     . . .     Spirit   .   c - +1 robe
rPois    .         Reflect  .   (no helmet)
rElec    .         Harm     .   (no cloak)
rCorr    .         Rampage  .   (no gloves)
Will     .....                  (no boots)
Stlth    ++........             (no amulet)
HPRegen  0.11/turn              a - ring of magical power
MPRegen  0.17/turn              (no ring)

@: lethally poisoned (0 -> -2), flying
A: high mp 1
a: no special abilities


You were on level 5 of the Dungeon.
You visited 1 branch of the dungeon, and saw 4 of its levels.

You collected 81 gold pieces.

Inventory:

Hand Weapons
 d - a +1 dagger (weapon)
Missiles
 b - 73 stones
 g - 2 curare-tipped darts (quivered)
Armour
 c - a +1 robe (worn)
Jewellery
 a - a ring of magical power (left hand)
Scrolls
 e - a scroll of blinking


   Skills:
 + Level 0.1 Fighting
 + Level 0.5 Short Blades
 + Level 0.1 Throwing
 + Level 2.1 Dodging
 + Level 2.0 Stealth
 + Level 2.9 Spellcasting
 + Level 0.8 Transmutations
 + Level 3.6 Earth Magic


You had 4 spell levels left.
You knew the following spells:

 Your Spells              Type           Power        Failure   Level
a - Sandblast             Erth           36%          3%          1
b - Stone Arrow           Conj/Erth      20%          19%         3

Your spell library contained the following spells:

 Spells                   Type           Power        Failure   Level
 Passwall                 Tmut/Erth      10%          9%          2
 Petrify                  Tmut/Erth      12%          47%         4
 Lee's Rapid Deconstruct  Erth           9%           63%         5


Dungeon Overview and Level Annotations

Branches:
Dungeon (3/15)


Innate Abilities, Weirdness & Mutations

You have an increased reservoir of magic. (+10% MP)


Message History

* * * LOW HITPOINT WARNING * * *
You feel sick.
Found a stone staircase leading up.
Found a scroll of blinking.
* * * LOW HITPOINT WARNING * * *
You feel sick.
Found an inky potion.
You aren't carrying any potions.
* * * LOW HITPOINT WARNING * * *
You feel sick.
* * * LOW HITPOINT WARNING * * *
You feel sick.
Your magical contamination has completely faded away.
You see here an inky potion.
f - an inky potion It was a potion of flight.
You feel very buoyant.
You fly up into the air.
There is a lethal amount of poison in your body!
You die...

####.#... ......#
#.....# #.....#
#.....######
#...........
#######........
####..............
#@.......#........
#.######.........?
#.# +..........
#.# #..........
#.# #..........
#.# #........##
#.# #........# #..


There were no monsters in sight!

Vanquished Creatures
  Jessica (D:2)
  A gnoll (D:1)
  2 adders (D:2)
  An ooze (D:1)
  A worm (D:2)
  A leopard gecko (D:2)
  3 orcs (D:3)
  2 giant cockroaches
  5 goblins
  7 hobgoblins
  2 quokkas (D:2)
  4 bats
  A frilled lizard (D:1)
  6 kobolds
  5 rats
42 creatures vanquished.

Notes
Turn   | Place    | Note
-------+----------+-------------------------------------------
     0 | D:1      | ubername the Demigod Earth Elementalist began the quest for
                  | the Orb.
     0 | D:1      | Reached XP level 1. HP: 14/14 MP: 5/5
    55 | D:1      | Reached skill level 3 in Earth Magic
    68 | D:1      | Reached XP level 2. HP: 12/20 MP: 2/7
   910 | D:2      | Reached XP level 3. HP: 9/26 MP: 7/9
  1133 | D:2      | Learned a level 3 spell: Stone Arrow
  1559 | D:2      | Noticed Jessica
  1564 | D:2      | Killed Jessica
  1565 | D:2      | Reached XP level 4. HP: 26/33 MP: 10/10
  2007 | D:3      | Found a stormy altar of Qazlal.
  2086 | D:3      | You fall into a shaft and drop 2 floors!
  2086 | D:5      | Entered Level 5 of the Dungeon
  2092 | D:5      | HP: 1/33 [poisoned by an adder]
  2100 | D:5      | Succumbed to an adder's poison

Illustrated notes

Levels and vault maps discovered:
D:1:      minmay_arrival_checkered_box, layout_rooms
D:2:      layout_rooms, uniq_jessica
D:3:      layout_loops_ring, grunt_qazlal_sundering
D:5:      layout_basic, general_overflow_altar, corexii_shack

Skill      XL: |  1  2  3 |
---------------+----------+-----
Earth Magic    | 3 |  3.6
Spellcasting   | 2 |  2.9
Dodging        | 2 |  2.1
Stealth        | 2 |  2.0
Fighting       | |  0.1
Short Blades   | |  0.5
Throwing       | |  0.1
Transmutations | |  0.8

Action                   |  1- 3 |  4- 6 || total
-------------------------+-------+-------++-------
Melee: Dagger            |    80 |    12 ||    92
Throw: Dart              |     6 |     5 ||    11
 Cast: Sandblast         |    33 |     5 ||    38
       Stone Arrow       |     4 |     1 ||     5
  Use: Scroll            |     7 |     1 ||     8
       Potion            |     4 |     1 ||     5
 Stab: Sleeping          |       |     1 ||     1
Armor: Robe              |    21 |     8 ||    29
Dodge: Dodged            |    60 |    23 ||    83
